 Dungeon Crawl Stone Soup version 0.19.1-1-g22dce08 (webtiles) character file.

19829 dngmouse the Warrior (level 12, -3/125 HPs)
             Began as a Minotaur Berserker on Jan 18, 2017.
             Was a High Priest of Trog.
             Slain by an enormous slime creature (64 damage)
             ... on level 12 of the Dungeon.
             The game lasted 00:42:36 (10148 turns).

dngmouse the Warrior (Minotaur Berserker)          Turns: 10148, Time: 00:42:37

Health: -3/125     AC: 23    Str: 25    XL:     12   Next: 40%
Magic:  11/11      EV:  9    Int:  4    God:    Trog [*****.]
Gold:   549        SH:  4    Dex: 14    Spells: 0 memorised, 11 levels left

rFire  . . .     SeeInvis .     b - +1 battleaxe (elec)
rCold  . . .     Gourm    .     B - +4 chain mail of Sin {+Blink}
rNeg   . . .     Faith    .     (shield currently unavailable)
rPois  +         Spirit   .     (helmet restricted)
rElec  .         Reflect  .     o - +0 cloak
rCorr  .         Harm     .     R - +0 pair of gloves
MR     .....                    K - +1 pair of boots
Stlth  ..........               (no amulet)
                                m - ring of poison resistance
                                n - +3 ring of protection

@: no status effects
A: retaliatory headbutt, horns 2, large bone plates 1, strong 1
a: Berserk, Trog's Hand, Brothers in Arms, Burn Spellbooks, Renounce Religion,
Evoke Blink


You were on level 12 of the Dungeon.
You worshipped Trog.
Trog was extremely pleased with you.
You were not hungry.

You visited 1 branch of the dungeon, and saw 12 of its levels.
You also visited: Ossuary.

You collected 549 gold pieces.

Inventory:

Hand Weapons
 a - a +0 battleaxe
 b - a +1 battleaxe of electrocution (weapon)
 q - a +2 scimitar of flaming
Armour
 o - a +0 cloak (worn)
 B - the +4 chain mail of Sin (worn) {+Blink}
   (You took it off an orc on level 4 of the Dungeon)

   It lets you blink.
 K - a +1 pair of boots (worn)
 Q - a +2 chain mail of fire resistance
 R - a +0 pair of gloves (worn)
Jewellery
 m - a ring of poison resistance (right hand)
 n - a +3 ring of protection (left hand)
 v - an uncursed ring of protection from magic
 C - an uncursed ring of see invisible
 N - a +2 ring of protection
Wands
 f - a wand of enslavement (16/24)
 j - a wand of enslavement (13/24)
 p - a wand of random effects (48/48)
 G - a wand of polymorph (10/24)
Scrolls
 d - 12 scrolls of identify
 e - 6 scrolls of enchant armour
 g - 2 scrolls of enchant weapon
 h - 6 scrolls of teleportation
 r - 7 scrolls of recharging
 x - 2 scrolls of fog
 y - 3 scrolls of blinking
 H - 4 scrolls of remove curse
Potions
 k - 2 potions of cure mutation
 l - 2 potions of heal wounds
 s - 4 potions of might
 t - a potion of haste
 u - a potion of flight
 z - a potion of invisibility
 A - 6 potions of curing
 I - a potion of agility
 J - a potion of magic {unknown}
Books
 S - a book of Conjurations

   Spells                             Type                      Level
   a - Magic Dart                     Conjuration                  1
   b - Searing Ray                    Conjuration                  2
   c - Dazzling Spray                 Conjuration/Hexes            3
   d - Fulminant Prism                Conjuration/Hexes            4
   e - Iskenderun's Mystic Blast      Conjuration                  4
   f - Iskenderun's Battlesphere      Conjuration/Charms           5
   Trog disapproves of the use of such an item.
Comestibles
 c - 6 bread rations
 i - 4 meat rations
 w - 4 chunks of flesh
 D - 8 fruits
 E - 12 royal jellies
 F - a beef jerky


   Skills:
 * Level 17.4 Fighting
 - Level 14.0 Axes
 + Level 9.1 Armour
 - Level 2.1 Dodging


You had 11 spell levels left.
You didn't know any spells.

Dungeon Overview and Level Annotations

Branches:
Dungeon (12/15)            Temple (0/1) D:7            Lair (0/6) D:8
    Orc (0/2) D:10

Altars:
Fedhas
Makhleb
Qazlal
Sif Muna
Yredelemnul

Shops:
D:10 =


Innate Abilities, Weirdness & Mutations

You reflexively headbutt those who attack you in melee.
You have a pair of horns on your head.
You are partially covered in large bone plates. (SH +4)
Your muscles are strong. (Str +2)


Message History

The very large slime creature is moderately wounded.
The very large slime creature hits you!!
You slice the very large slime creature!!
You headbutt the very large slime creature.
The very large slime creature is heavily wounded.
Two slime creatures merge to form an enormous slime creature.
You slice the enormous slime creature!!
There is a sudden explosion of sparks!
The enormous slime creature is heavily wounded.
You barely miss the enormous slime creature.
The enormous slime creature is heavily wounded.
You block the enormous slime creature's attack.
You slash the enormous slime creature!
You headbutt the enormous slime creature.
The enormous slime creature is severely wounded.
The enormous slime creature hits you.
You slice the enormous slime creature!!
There is a sudden explosion of sparks!
The enormous slime creature is severely wounded.
The enormous slime creature hits you!!!
Ouch! That really hurt!
You die...

##+### # #....# #
########....#### #
#..J@..'....+..######
#.######....##.....##
#...##..##...'
#...#8..8#.###
##+........# #
#.#..>...##
#.##8..8## #.###..##
# ##.# #### #


You could see an enormous slime creature.

Vanquished Creatures
  The ghost of p0werm0de the Carver, a novice HECK of Xom (D:8)
  An unseen horror (D:10)
  5 hill giants (D:11)
  2 ugly things (D:11)
  Joseph (D:8)
  Psyche (D:10)
  A centaur skeleton (D:6)
  An efreet (D:11)
  A komodo dragon (D:8)
  2 queen bees
  5 trolls
  2 two-headed ogres
  3 hippogriffs
  Prince Ribbit (D:6)
  3 slime creatures (D:12)
  Sigmund (D:2)
  A shadow (D:11)
  18 yaks
  A wraith (Ossuary)
  4 wyverns
  3 hungry ghosts
  Duvessa (D:5)
  3 orc warriors
  4 ice beasts
  A sky beast (D:8)
  10 ogres
  3 black bears
  2 necrophages (D:7)
  5 centaurs
  A phantom (D:9)
  2 bullfrogs
  7 big kobolds
  Dowan (D:5)
  A wyvern skeleton (D:9)
  2 scorpions
  52 killer bees
  4 wights
  4 jellies
  A howler monkey (D:4)
  A bullfrog zombie (D:12)
  4 crimson imps
  A centaur zombie (D:11)
  11 hounds
  5 orc priests
  2 orc wizards
  A bullfrog skeleton (D:11)
  2 iguanas
  Ijyb (D:2)
  2 worker ants
  A big kobold zombie (Ossuary)
  2 hound zombies
  4 mummies
  Robin (D:2)
  10 gnolls
  6 adders
  A shadow imp (D:11)
  An ooze (D:2)
  An adder zombie (D:5)
  An adder skeleton (D:5)
  3 worms
  2 dart slugs
  5 leopard geckos
  27 orcs
  3 giant cockroaches
  2 gnoll zombies (Ossuary)
  10 hobgoblins
  11 jackals
  6 quokkas
  A bat (D:3)
  6 frilled lizards
  13 goblins
  3 goblin zombies (Ossuary)
  4 hobgoblin zombies
  A jackal skeleton (D:4)
  19 kobolds
  A kobold zombie (Ossuary)
  An orc zombie (D:4)
  9 rats
347 creatures vanquished.

Vanquished Creatures (others)
  The ghost of dscm the Chopper, a novice HOFi (D:5)
  3 plants
4 creatures vanquished.

Grand Total: 351 creatures vanquished

Notes
Turn   | Place    | Note
-------+----------+-------------------------------------------
     0 | D:1      | dngmouse the Minotaur Berserker began the quest for the Orb.
     0 | D:1      | Reached XP level 1. HP: 19/19 MP: 0/0
   226 | D:1      | Reached XP level 2. HP: 23/27 MP: 1/1
   646 | D:2      | Reached skill level 4 in Fighting
   671 | D:2      | Reached XP level 3. HP: 29/33 MP: 2/2
   688 | D:2      | Noticed Robin
   694 | D:2      | Killed Robin
   694 | D:2      | Reached ** piety under Trog
   694 | D:2      | Reached skill level 5 in Axes
  1035 | D:2      | Noticed Ijyb
  1046 | D:2      | Killed Ijyb
  1046 | D:2      | Reached XP level 4. HP: 36/40 MP: 3/3
  1096 | D:2      | Noticed Sigmund
  1103 | D:2      | Killed Sigmund
  1103 | D:2      | Reached XP level 5. HP: 46/46 MP: 4/4
  1859 | D:3      | Found a faded altar of an unknown god.
  1859 | D:3      | Found a basalt altar of Yredelemnul.
  1864 | D:3      | Found a faded altar of an unknown god.
  1866 | D:3      | Found a faded altar of an unknown god.
  1867 | D:3      | Found a faded altar of an unknown god.
  1939 | D:3      | Reached XP level 6. HP: 52/52 MP: 5/5
  2052 | D:4      | Got a jewelled ring mail
  2053 | D:4      | Identified the cursed +0 ring mail of Utygrel {rElec Str+3} (You found it on level 4 of the Dungeon)
  2439 | D:4      | Found a sand-covered staircase.
  2447 | Ossuary  | Entered an ossuary
  2447 | Ossuary  | Noticed a wraith
  2447 | Ossuary  | Noticed a wraith
  2447 | Ossuary  | Noticed a wraith
  2573 | Ossuary  | Reached *** piety under Trog
  2765 | Ossuary  | Noticed a wraith
  2775 | Ossuary  | Killed a wraith
  2775 | Ossuary  | Reached XP level 7. HP: 42/59 MP: 6/6
  3057 | D:4      | Reached skill level 10 in Axes
  3380 | D:4      | Got an encrusted chain mail
  3381 | D:4      | Identified the +4 chain mail of Sin {+Blink} (You took it off an orc on level 4 of the Dungeon)
  3458 | D:5      | Entered Level 5 of the Dungeon
  3619 | D:5      | Reached **** piety under Trog
  3623 | D:5      | Noticed Dowan
  3726 | D:5      | Noticed Duvessa
  3732 | D:5      | Killed Duvessa
  3732 | D:5      | Reached XP level 8. HP: 66/66 MP: 7/7
  3733 | D:5      | Killed dscm's ghost
  3735 | D:5      | Killed Dowan
  3927 | D:5      | Found a stormy altar of Qazlal.
  4043 | D:6      | Reached skill level 6 in Fighting
  4139 | D:6      | Noticed Prince Ribbit
  4149 | D:6      | Killed Prince Ribbit
  4149 | D:6      | Reached skill level 7 in Fighting
  4172 | D:6      | Found a blossoming altar of Fedhas.
  4227 | D:6      | Reached skill level 8 in Fighting
  4444 | D:6      | Reached XP level 9. HP: 80/82 MP: 8/8
  4802 | D:7      | Reached skill level 9 in Fighting
  5112 | D:7      | Found a staircase to the Ecumenical Temple.
  5179 | D:7      | Found a deep blue altar of Sif Muna.
  5561 | D:8      | Reached skill level 10 in Fighting
  5822 | D:8      | Found a burning altar of Makhleb.
  5877 | D:8      | Found a staircase to the Lair.
  5878 | D:8      | Noticed a komodo dragon
  5893 | D:8      | Killed a komodo dragon
  5893 | D:8      | Reached skill level 11 in Fighting
  6167 | D:8      | Noticed p0werm0de's ghost (novice HECK)
  6178 | D:8      | Killed p0werm0de's ghost
  6178 | D:8      | Reached skill level 12 in Fighting
  6210 | D:8      | Noticed Joseph
  6219 | D:8      | Killed Joseph
  6219 | D:8      | Reached XP level 10. HP: 76/100 MP: 9/9
  6299 | D:8      | Reached ***** piety under Trog
  6519 | D:8      | Reached skill level 13 in Fighting
  7205 | D:9      | Reached skill level 14 in Fighting
  7401 | D:10     | Entered Level 10 of the Dungeon
  7415 | D:10     | Found Linac's Jewellery Emporium.
  7432 | D:10     | buy this amulet
  7589 | D:10     | Noticed Psyche
  7602 | D:10     | Killed Psyche
  7643 | D:10     | Noticed an unseen horror
  7649 | D:10     | Killed an unseen horror
  8041 | D:10     | Found a staircase to the Orcish Mines.
  8059 | D:10     | Reached XP level 11. HP: 46/111 MP: 10/10
  8082 | D:10     | Reached skill level 5 in Armour
  8432 | D:11     | Noticed a white ugly thing
  8437 | D:11     | Noticed a red ugly thing
  8442 | D:11     | Killed a white ugly thing
  8442 | D:11     | Reached skill level 15 in Fighting
  8445 | D:11     | Killed a red ugly thing
  8482 | D:11     | Noticed a hill giant
  8484 | D:11     | Noticed a hill giant
  8491 | D:11     | Killed a hill giant
  8493 | D:11     | Killed a hill giant
  8493 | D:11     | Received a gift from Trog
  8596 | D:11     | Gained mutation: You are partially covered in large bone plates. (SH +4) [mutagenic meat]
  8597 | D:11     | Gained mutation: Your muscles are strong. (Str +2) [mutagenic meat]
  8774 | D:11     | Noticed a hill giant
  8795 | D:11     | Killed a hill giant
  8902 | D:11     | Reached skill level 16 in Fighting
  9179 | D:11     | Noticed a hill giant
  9194 | D:11     | Killed a hill giant
  9198 | D:11     | Reached XP level 12. HP: 124/124 MP: 11/11
  9596 | D:12     | Reached skill level 17 in Fighting
  9613 | D:12     | Received a gift from Trog
 10148 | D:12     | Slain by an enormous slime creature

Skill      XL: |  1  2  3  4  5  6  7  8  9 10 11 12 |
---------------+-------------------------------------+-----
Axes           | 4 5 7 9 11 12 14 | 14.0
Fighting       | 4 8 12 14 16 17 | 17.4
Armour         | 4 7 9 |  9.1
Dodging        | |  2.1

Action                   |  1- 3 |  4- 6 |  7- 9 | 10-12 || total
-------------------------+-------+-------+-------+-------++-------
Melee: Hand axe          |    84 |   126 |   193 |       ||   403
       Headbutt          |    11 |    30 |    57 |    92 ||   190
       Battleaxe         |       |       |    61 |   438 ||   499
Invok: Berserk           |       |     2 |     2 |     1 ||     5
       Trog's Hand       |       |       |       |     4 ||     4
       Burn Spellbooks   |       |       |       |     1 ||     1
  Use: Scroll            |       |     9 |     3 |     8 ||    20
       Potion            |       |       |       |     9 ||     9
  Eat: Chunk             |       |     5 |    11 |    22 ||    38
       Meat ration       |       |     1 |       |       ||     1
Armor: Animal skin       |     1 |       |       |       ||     1
       Chain mail        |    31 |    43 |   133 |   326 ||   533
Dodge: Dodged            |    30 |    33 |    84 |   214 ||   361
Block: Buckler           |     9 |    16 |    20 |       ||    45
       Other             |       |       |       |    42 ||    42
